 Dungeon Crawl Stone Soup version 0.22.0 (webtiles) character file.

28537 Matezma the Grappler (level 13, -3/130 HPs)
             Began as a Troll Berserker on Nov 2, 2018.
             Was a High Priest of Trog.
             Slain by a 14-headed hydra (10 damage)
             ... on level 5 of the Lair of Beasts.
             The game lasted 00:51:59 (12473 turns).

Matezma the Grappler (Troll Berserker)             Turns: 12473, Time: 00:51:59

Health: -3/130     AC: 12    Str: 28    XL:     13   Next: 10%
Magic:  12/12      EV: 27    Int:  3    God:    Trog [*****.]
Gold:   756        SH: 18    Dex: 13    Spells: 12/12 levels left

rFire    . . .     SeeInvis .     - Unarmed
rCold    + . .     Gourm    +   q - +0 large shield
rNeg     . . .     Faith    .   v - +2 acid dragon scales
rPois    .         Spirit   .   (helmet restricted)
rElec    .         Reflect  .   y - +0 cloak
rCorr    +         Harm     .   (gloves unavailable)
MR       .....                  (boots unavailable)
Stlth    +.........             C - amulet of the acrobat
HPRegen  0.71/turn              s - ring of protection from cold
MPRegen  0.13/turn              j - ring of resist corrosion

@: no status effects
A: large, unfitting armour, claws 3, fast metabolism 3, gourmand, regeneration
1, shaggy fur 1, tough skin 2
a: Berserk, Trog's Hand, Brothers in Arms, Renounce Religion


You were on level 5 of the Lair of Beasts.
You worshipped Trog.
Trog was extremely pleased with you.
You were completely stuffed.

You visited 2 branches of the dungeon, and saw 15 of its levels.

You collected 756 gold pieces.

Inventory:

Missiles
 n - 7 tomahawks of returning (quivered)
Armour
 q - a +0 large shield (worn)
 v - +2 acid dragon scales (worn)
 y - a +0 cloak (worn)
 K - a +0 shield of poison resistance
Jewellery
 e - a +2 ring of strength
 f - an uncursed ring of protection from magic
 j - a ring of resist corrosion (right claw)
 s - a ring of protection from cold (left claw)
 C - an amulet of the acrobat (around neck)
Wands
 a - a wand of acid (9)
 d - a wand of disintegration (33)
 m - a wand of iceblast (2)
 E - a wand of enslavement (11)
Scrolls
 i - 2 scrolls of teleportation
 p - a scroll of torment {unknown}
 z - a scroll of magic mapping
 A - a scroll of fog
 B - a scroll of fear
 D - a scroll of blinking
 H - a scroll of vulnerability {unknown}
 I - 5 scrolls of remove curse
Potions
 c - a potion of agility
 g - 3 potions of resistance
 h - 4 potions of flight
 k - 3 potions of heal wounds {unknown}
 l - a potion of mutation {unknown}
 o - a potion of curing
 r - 4 potions of might
 t - a potion of cancellation {unknown}
 u - 4 potions of brilliance {unknown}
 w - 3 potions of lignification
 x - a potion of berserk rage {unknown}
 F - 5 potions of degeneration {unknown}
 G - 3 potions of invisibility {unknown}
Comestibles
 b - 34 rations


   Skills:
 + Level 8.8 Fighting
 + Level 8.8 Dodging
 + Level 8.3 Shields
 * Level 14.3 Unarmed Combat


You had 12 spell levels left.
You didn't know any spells.
Your spell library was empty.

Dungeon Overview and Level Annotations

Branches:
Dungeon (10/15)            Temple (0/1) D:4            Lair (5/6) D:10
 Shoals (0/4) Lair:2        Snake (0/4) Lair:4        Slime (0/5) Lair:5
    Orc: D:9-12

Altars:
Dithmenos
Fedhas
Kikubaaqudgha
Nemelex Xobeh
Okawaru

Shops:
D:6 }   D:10 [

Annotations:
D:6 , 2 transporters, lepoulpe303's ghost, novice GrFi


Innate Abilities, Weirdness & Mutations

You are too large for most types of armour.
You have claws for hands.
Your metabolism is lightning-fast.
You like to eat raw meat.
Your natural rate of healing is unusually fast.
You are covered in fur. (AC +1)
You have very tough skin. (AC +2)


Message History

You tear one of the 13-headed hydra's heads off!
The 12-headed hydra grows two more!
You scratch the 14-headed hydra.
The 14-headed hydra is almost dead.
You block the 14-headed hydra's attack. The 14-headed hydra bites you!
* * * LOW HITPOINT WARNING * * *
You block the 14-headed hydra's attack.
The 14-headed hydra bites you but does no damage. x2
The 14-headed hydra bites you!
* * * LOW HITPOINT WARNING * * *
You block the 14-headed hydra's attack. The 14-headed hydra misses you.
The 14-headed hydra bites you.
* * * LOW HITPOINT WARNING * * *
The 14-headed hydra bites you but does no damage. x2
You block the 14-headed hydra's attack.
The 14-headed hydra bites you but does no damage.
The 14-headed hydra misses you. Why would you want to do that?
You block the 14-headed hydra's attack. The 14-headed hydra closely misses you.
You block the 14-headed hydra's attack. The 14-headed hydra bites you!
You die...

######..........
##..P...####.....
##.#....#.# ##....
##.........#####... #
###.#...≈.≈..^#...#.. #..
#.#....≈≈.≈≈......##.
#....###....≈≈≈.≈≈≈......##
#........D.≈≈≈≈_≈≈≈.......#
##........@.≈≈≈≈≈≈≈........
##P.......##≈≈≈≈≈.........
##P.......#≈≈≈≈..........
#P...P......≈≈≈≈........P
#............###.#.###.#.
#.#..#........###.#######.
....P..........#P.#.......
........................
..##...........#........


You could see a 14-headed hydra.

Vanquished Creatures
  Rupert (Lair:4)
  4 two-headed ogres
  Sonja (Lair:5)
  A manticore (Lair:4)
  A merfolk siren (Lair:2)
  3 elephants (Lair:5)
  A black mamba (Lair:3)
  6 spiny frogs
  A gargoyle (D:10)
  9 rime drakes
  2 trolls
  A merfolk (Lair:2)
  2 hornets
  4 blink frogs (Lair:4)
  7 hippogriffs
  A spriggan (D:7)
  8 wyverns
  38 yaks
  5 basilisks
  2 nagas (Lair:4)
  9 water moccasins
  An orc warrior (D:10)
  6 porcupines
  3 ogres
  2 sky beasts
  2 phantoms (D:10)
  2 centaurs
  11 crocodiles
  A big kobold (D:9)
  15 bullfrogs
  A scorpion (D:8)
  5 killer bees (D:9)
  4 wights (D:9)
  6 howler monkeys
  A centaur zombie (D:9)
  4 crimson imps
  3 hounds
  9 jellies
  7 orc wizards
  A centaur skeleton (D:7)
  4 orc priests
  Crazy Yiuf (D:6)
  A bullfrog skeleton (D:10)
  2 iguanas
  Jessica (D:2)
  A gnoll shaman (D:7)
  3 worker ants
  6 hound skeletons
  5 gnolls (D:7)
  20 adders
  2 river rats (D:3)
  2 shadow imps (D:7)
  2 oozes
  2 adder skeletons
  An adder zombie (D:5)
  3 worms (D:3)
  2 dart slugs (D:1)
  4 leopard geckos
  28 orcs
  5 giant cockroaches
  17 goblins
  10 hobgoblins
  4 jackals (D:9)
  12 kobolds
  2 quokkas (D:3)
  A ball python (D:1)
  4 bats
  6 frilled lizards
  A leopard gecko skeleton (D:4)
  14 rats
357 creatures vanquished.

Vanquished Creatures (others)
  4 fungi (Lair:2)
  2 plants
6 creatures vanquished.

Grand Total: 363 creatures vanquished

Notes
Turn   | Place    | Note
-------+----------+-------------------------------------------
     0 | D:1      | Matezma the Troll Berserker began the quest for the Orb.
     0 | D:1      | Reached XP level 1. HP: 22/22 MP: 0/0
   156 | D:1      | Reached XP level 2. HP: 29/29 MP: 1/1
   507 | D:1      | Reached XP level 3. HP: 36/36 MP: 2/2
   811 | D:2      | Reached skill level 4 in Unarmed Combat
   819 | D:2      | Reached ** piety under Trog
   910 | D:2      | Reached XP level 4. HP: 44/44 MP: 3/3
  1014 | D:2      | Noticed Jessica
  1017 | D:2      | Killed Jessica
  1017 | D:2      | Reached skill level 5 in Unarmed Combat
  1413 | D:3      | Reached XP level 5. HP: 37/50 MP: 4/4
  1428 | D:3      | Reached *** piety under Trog
  1768 | D:3      | Found a glowing drain.
  1782 | D:3      | Reached skill level 1 in Shields
  2083 | D:4      | Reached XP level 6. HP: 59/61 MP: 5/5
  2113 | D:4      | Reached skill level 6 in Unarmed Combat
  2180 | D:4      | Found a staircase to the Ecumenical Temple.
  2491 | D:4      | Reached XP level 7. HP: 49/67 MP: 6/6
  2541 | D:4      | Found a shadowy altar of Dithmenos.
  2693 | D:4      | Reached **** piety under Trog
  2885 | D:5      | Entered Level 5 of the Dungeon
  3359 | D:5      | Reached skill level 7 in Unarmed Combat
  3788 | D:6      | Found a runed door.
  3884 | D:6      | Found a transporter.
  3886 | D:6      | Noticed lepoulpe303's ghost (novice GrFi)
  3916 | D:6      | Reached XP level 8. HP: 78/78 MP: 7/7
  3941 | D:6      | Found Tubbagutoh's Gadget Emporium.
  4115 | D:6      | Found a transporter.
  4261 | D:6      | Noticed Crazy Yiuf
  4266 | D:6      | Killed Crazy Yiuf
  4488 | D:7      | Reached skill level 8 in Unarmed Combat
  5025 | D:7      | Found an ancient bone altar of Kikubaaqudgha.
  5177 | D:8      | Found a blossoming altar of Fedhas.
  5204 | D:8      | Noticed a hornet
  5205 | D:8      | Paralysed by a hornet for 1 turns
  5212 | D:8      | Killed a hornet
  5212 | D:8      | Reached XP level 9. HP: 45/87 MP: 8/8
  5313 | D:8      | Found a shadowy altar of Dithmenos.
  5346 | D:8      | Reached skill level 5 in Dodging
  5385 | D:8      | Found a sand-covered staircase.
  5535 | D:8      | Reached skill level 5 in Fighting
  5535 | D:8      | Reached skill level 9 in Unarmed Combat
  5562 | D:8      | Reached ***** piety under Trog
  5826 | D:9      | Noticed a two-headed ogre
  5839 | D:9      | Killed a two-headed ogre
  5880 | D:9      | Noticed a two-headed ogre
  5892 | D:9      | Killed a two-headed ogre
  5892 | D:9      | Reached skill level 10 in Unarmed Combat
  5972 | D:9      | Reached XP level 10. HP: 98/98 MP: 9/9
  5993 | D:9      | Reached skill level 5 in Shields
  6495 | D:9      | Found a sparkling altar of Nemelex Xobeh.
  6555 | D:10     | Entered Level 10 of the Dungeon
  6590 | D:10     | Noticed a two-headed ogre
  6598 | D:10     | Killed a two-headed ogre
  6644 | D:10     | Noticed a two-headed ogre
  6651 | D:10     | Killed a two-headed ogre
  6651 | D:10     | Reached skill level 11 in Unarmed Combat
  6781 | D:10     | Found Naahin's Armour Shop.
  6784 | D:10     | Noticed a gargoyle
  6791 | D:10     | Paralysed by a hornet for 3 turns
  7258 | D:10     | Paralysed by a hornet for 2 turns
  7437 | D:10     | Killed a gargoyle
  7437 | D:10     | Reached XP level 11. HP: 107/107 MP: 10/10
  7487 | D:10     | Received a gift from Trog
  7496 | D:10     | Found a staircase to the Lair.
  7506 | Lair:1   | Entered Level 1 of the Lair of Beasts
  8764 | Lair:2   | Found a staircase to the Shoals.
  8773 | Lair:2   | Reached skill level 12 in Unarmed Combat
  9889 | Lair:3   | Reached XP level 12. HP: 114/119 MP: 11/11
  9896 | Lair:3   | Received a gift from Trog
  9994 | Lair:3   | Reached skill level 13 in Unarmed Combat
 10775 | Lair:4   | Noticed Rupert
 10789 | Lair:4   | Killed Rupert
 10891 | Lair:4   | Reached skill level 14 in Unarmed Combat
 10987 | Lair:4   | Found a staircase to the Snake Pit.
 11687 | Lair:5   | Noticed Sonja
 11707 | Lair:5   | Killed Sonja
 11822 | Lair:5   | Found an iron altar of Okawaru.
 11843 | Lair:5   | Found a staircase to the Slime Pits.
 12022 | Lair:5   | Reached XP level 13. HP: 127/128 MP: 12/12
 12132 | Lair:5   | Received a gift from Trog
 12469 | Lair:5   | HP: 4/130 [14-headed hydra (3)]
 12473 | Lair:5   | Slain by a 14-headed hydra

Skill      XL: |  1  2  3  4  5  6  7  8  9 10 11 12 |
---------------+-------------------------------------+-----
Unarmed Combat | 4 5 6 7 8 10 11 12 14 | 14.3
Shields        | 1 2 3 4 6 7 8 |  8.3
Dodging        | 3 4 5 6 7 8 |  8.8
Fighting       | 3 4 5 6 7 8 |  8.8

Action                   |  1- 3 |  4- 6 |  7- 9 | 10-12 | 13-15 || total
-------------------------+-------+-------+-------+-------+-------++-------
Melee: Unarmed           |    99 |   224 |   320 |   628 |    40 ||  1311
Throw: Stone             |       |    15 |       |       |       ||    15
Invok: Trog's Hand       |       |       |     1 |     2 |       ||     3
       Berserk           |       |       |     1 |       |       ||     1
       Brothers in Arms  |       |       |       |     1 |       ||     1
Evoke: Wand              |       |       |       |     2 |       ||     2
  Use: Scroll            |       |       |    14 |    16 |       ||    30
       Potion            |       |       |       |     3 |       ||     3
 Stab: Sleeping          |     1 |       |       |       |       ||     1
  Eat: Chunk             |    14 |    14 |    34 |    57 |     5 ||   124
Armor: Animal skin       |    45 |    38 |       |       |       ||    83
       Acid dragon scale |       |    33 |    67 |   145 |    29 ||   274
Dodge: Dodged            |    78 |    40 |    51 |   163 |    30 ||   362
Block: Large shield      |       |   145 |   218 |   487 |    59 ||   909
